 Dungeon Crawl Stone Soup version 0.26.1-2-gb8aa6d0cf2 (webtiles) character file.

Game seed: 9842041410624742701

1139 Doot the Insei (level 8, 0/48 HPs)
             Began as an Octopode Transmuter on Feb 19, 2021.
             Slain by an orc wizard
             ... wielding a +0 dagger
              (4 damage)
             ... on level 4 of the Dungeon.
             The game lasted 00:06:29 (5725 turns).

Doot the Insei (Octopode Transmuter)                Turns: 5725, Time: 00:06:30

Health: 0/48       AC:  2    Str: 11    XL:     8   Next: 37%
Magic:  12/14      EV: 24    Int: 22    God:
Gold:   240        SH:  0    Dex: 29    Spells: 4/15 levels left

rFire    . . .     SeeInvis .     - Unarmed
rCold    . . .     Faith    .   (shield currently unavailable)
rNeg     . . .     Spirit   .   (helmet currently unavailable)
rPois    x         Reflect  .   (no amulet)
rElec    .         Harm     .   a - +6 ring of dexterity (curse)
rCorr    +         Rampage  .   i - ring of willpower
Will     ++...                  n - +6 ring of dexterity
Stlth    ++++......             o - ring of willpower
HPRegen  0.16/turn              p - ring of resist corrosion
MPRegen  0.14/turn              v - +6 ring of intelligence
                                (no ring)
                                (no ring)

@: spider-form (expiring), wereblooded
A: tiny, almost no armour, stealthy swim, (amphibious), 8 rings, (constrict 8)
a: End Transformation


You were on level 4 of the Dungeon.
You were a venomous arachnid creature.
You visited 1 branch of the dungeon, and saw 5 of its levels.

You collected 240 gold pieces.

Inventory:

Hand Weapons
 y - the +3 quarterstaff of the Hills (melded) {vorpal, rElec}
   (You found it on level 4 of the Dungeon)

   It inflicts extra damage upon your enemies.
   It insulates you from electricity.
Armour
 l - a +0 kite shield
 r - a +0 buckler
Jewellery
 a - a cursed +6 ring of dexterity (left front leg)
 i - a ring of willpower (right front leg)
 n - a +6 ring of dexterity (on tentacle)
 o - a ring of willpower (on tentacle)
 p - a ring of resist corrosion (on tentacle)
 t - an uncursed amulet of magic regeneration {unknown}
 v - a +6 ring of intelligence (on tentacle)
Wands
 q - a wand of iceblast (11)
 x - a wand of flame (14)
Scrolls
 c - 3 scrolls of teleportation {unknown}
 d - 3 scrolls of amnesia {unknown}
 e - 2 scrolls of blinking {unknown}
 g - 7 scrolls of identify {unknown}
 s - a scroll of remove curse {unknown}
 u - 2 scrolls of fear {unknown}
 A - a scroll of enchant armour {unknown}
Potions
 b - 3 potions of curing {unknown}
 f - a potion of haste {unknown}
 h - 4 potions of heal wounds
 j - 2 potions of brilliance {unknown}
 k - a potion of might {unknown}
 m - a potion of invisibility {unknown}
 w - 3 potions of flight {unknown}
 z - a potion of ambrosia {unknown}


   Skills:
 + Level 1.3 Fighting
 + Level 0.4 Staves
 + Level 4.2 Dodging
 + Level 5.3 Stealth
 + Level 5.5 Unarmed Combat
 + Level 4.3 Spellcasting
 + Level 4.2 Transmutations
 + Level 2.4 Poison Magic


You had 4 spell levels left.
You knew the following spells:

 Your Spells              Type           Power        Failure   Level
a - Beastly Appendage     Tmut           46%          8%          1
b - Wereblood             Tmut           23%          10%         2
c - Spider Form           Tmut/Pois      9%           22%         3
d - Blade Hands           Tmut           11%          67%         5

Your spell library contained the following spells:

 Spells                   Type           Power        Failure   Level
 Ice Form                 Ice/Tmut       14%          63%         4


Dungeon Overview and Level Annotations

Branches:
Dungeon (5/15)
 Temple: D:4-7

Altars:
Makhleb
Okawaru


Innate Abilities, Weirdness & Mutations

You cannot wear most types of armour.
You are very stealthy in the water. (Stealth+)
((You are amphibious.))
You can wear up to eight rings at the same time.
((You can use your tentacles to constrict eight enemies at once.))
((Your skin changes colour to match your surroundings (Stealth+).))
((Your rubbery body absorbs attacks. (AC +1, EV +1)))


Message History

The gnoll closely misses you.
The orc wizard hits you with a +0 dagger.
The gnoll completely misses you. The gnoll closely misses you.
You hiss as the wereblood boils in your veins!
There is a stone staircase leading up here.
You barely miss the orc wizard.
Your transformation is almost over.
The orc wizard misses you. The orc wizard closely misses you.
The gnoll hits you from afar with a +0 spear!
* * * LOW HITPOINT WARNING * * *
Unknown command.
The orc wizard misses you. The gnoll closely misses you.
You climb upwards.
There is a stone staircase leading down here.
Unknown command.
You bite the orc wizard!
The orc wizard is poisoned.
The orc wizard is heavily wounded.
The orc wizard is no longer moving quickly.
The orc wizard hits you with a +0 dagger.
You die...

..)....##.[..[......#.##.####.#..
.......#######..#.............#..
...)...#.............###.####.###
....).....#..............####.###
.......###.##...>....###........#
....)..###.##...#...## #.####.#.#
...(............##.## #.# #.#.#
###.######.##.#.##.#####.# #.#.#
...............os........# #.#.#
###.######.#######.#####.# #.#.#
#.# #.# #.#####.####.#.# #.# #.#
#......>.......# #.######.#
#............... #........#
#########....... ##########
########


You could see an orc wizard (very poisoned).

Vanquished Creatures
  Pikel (D:4)
  Sigmund (D:2)
  A centaur (D:5)
  3 scorpions
  2 orc wizards
  A worker ant (D:5)
  Ijyb (D:3)
  5 gnolls
  6 adders
  2 ufetubi (D:5)
  2 adder skeletons
  4 worms
  2 dart slugs (D:1)
  3 leopard geckos
  9 orcs
  3 bats (D:1)
  8 giant cockroaches
  8 hobgoblins
  2 jackals (D:1)
  3 quokkas
  6 frilled lizards
  A giant cockroach zombie (D:5)
  9 goblins
  4 kobolds
  6 rats
93 creatures vanquished.

Notes
Turn   | Place    | Note
-------+----------+-------------------------------------------
     0 | D:1      | Doot the Octopode Transmuter began the quest for the Orb.
     0 | D:1      | Reached XP level 1. HP: 13/13 MP: 3/3
    95 | D:1      | Reached XP level 2. HP: 18/18 MP: 5/5
   681 | D:1      | Reached XP level 3. HP: 23/23 MP: 4/6
   785 | D:1      | Reached skill level 1 in Stealth
  1200 | D:2      | Learned a level 2 spell: Wereblood
  1204 | D:2      | Learned a level 3 spell: Spider Form
  1808 | D:2      | Reached XP level 4. HP: 28/28 MP: 7/7
  1842 | D:2      | Noticed Sigmund
  2374 | D:2      | Killed Sigmund
  2375 | D:2      | Reached skill level 1 in Poison Magic
  2375 | D:2      | Reached XP level 5. HP: 21/33 MP: 5/9
  2375 | D:2      | Reached XP level 6. HP: 24/38 MP: 5/10
  2888 | D:3      | Found an iron altar of Okawaru.
  2959 | D:3      | Noticed Ijyb
  3016 | D:3      | Killed Ijyb
  3376 | D:4      | Noticed Pikel
  3404 | D:4      | Killed Pikel
  3405 | D:4      | Reached skill level 5 in Stealth
  3405 | D:4      | Reached skill level 5 in Unarmed Combat
  3405 | D:4      | Reached XP level 7. HP: 16/43 MP: 9/12
  3431 | D:4      | Learned a level 5 spell: Blade Hands
  3773 | D:4      | Found a burning altar of Makhleb.
  4765 | D:4      | Got an ancient quarterstaff
  4765 | D:4      | Identified the +3 quarterstaff of the Hills {vorpal, rElec}
                  | (You found it on level 4 of the Dungeon)
  4777 | D:5      | Entered Level 5 of the Dungeon
  4787 | D:5      | Reached XP level 8. HP: 48/48 MP: 4/13
  5725 | D:4      | Slain by an orc wizard

Illustrated notes

Levels and vault maps discovered:
D:1:      roderic_crossed_star, layout_loops_ring, item_on_display_a
D:2:      layout_basic, uniq_sigmund
D:3:      layout_rooms, overflow_temple_1_default, uniq_ijyb
D:4:      layout_loops_ring, lemuel_doored_altar, uniq_pikel
D:5:      layout_cave_pools, grunt_temple_overflow_growth_and_decay

Skill      XL: |  1  2  3  4  5  6  7  8 |
---------------+-------------------------+-----
Stealth        | 1 3 5 |  5.3
Unarmed Combat | 4 5 |  5.5
Poison Magic   | 1 2 |  2.4
Dodging        | 3 4 |  4.2
Spellcasting   | 3 4 |  4.3
Transmutations | 3 4 |  4.2
Fighting       | |  1.3
Staves         | |  0.4

Action                   |  1- 3 |  4- 6 |  7- 9 || total
-------------------------+-------+-------+-------++-------
Melee: Unarmed           |    73 |    37 |    85 ||   195
       Constrict         |    26 |     4 |     6 ||    36
       Tentacles         |    13 |     5 |     6 ||    24
       Punch             |     5 |       |       ||     5
       Kick              |    10 |     3 |     6 ||    19
       Quarterstaff      |       |       |     9 ||     9
 Cast: Beastly Appendage |    11 |     6 |     3 ||    20
       Spider Form       |     1 |     4 |    10 ||    15
       Wereblood         |       |     2 |     4 ||     6
  Use: Potion            |       |       |     1 ||     1
 Stab: Sleeping          |    13 |     3 |     2 ||    18
Armor: Skin              |     5 |       |     3 ||     8
Dodge: Dodged            |    45 |    25 |   125 ||   195
